 Dungeon Crawl Stone Soup version 0.29.1-15-g9cfb28693d (webtiles) character file.

Game seed: 16815871309570726702

1568 H0rd4k the Insei (level 8, -4/48 HPs)
             Began as an Octopode Artificer on Mar 17, 2023.
             Was an Initiate of Gozag.
             Slain by Grum
             ... wielding a -1 glaive
              (30 damage)
             ... on level 8 of the Dungeon.
             The game lasted 00:09:33 (7635 turns).

H0rd4k the Insei (Octopode Artificer)               Turns: 7635, Time: 00:09:34

Health: -4/48      AC:  3    Str: 19    XL:     8   Next: 90%
Magic:  15/15      EV: 13    Int: 15    God:    Gozag
Gold:   925        SH:  0    Dex: 12    Spells: 17/17 levels left

rFire   . . .      SeeInvis .   e - +8 glaive of Yredelemnul's Whim {venom, rPois Str+7}
rCold   . . .      Faith    .   (shield currently unavailable)
rNeg    . . .      Spirit   .   (helmet restricted)
rPois   +          Reflect  .   p - amulet of the acrobat
rElec   .          Harm     .   (no ring)
rCorr   .          Rampage  .   (no ring)
Will    .....                   (no ring)
Stlth   +++.......              (no ring)
HPRegen 0.16/turn               (no ring)
MPRegen 0.14/turn               (no ring)
                                (no ring)
                                (no ring)

@: gold aura
A: almost no armour, amphibious, 8 rings, camouflage 1, gelatinous body 1,
(nimble swimmer 1), tentacles, iridescent scales 1, frail 1
a: Renounce Religion, Potion Petition, Call Merchant, Bribe Branch


You were on level 8 of the Dungeon.
You worshipped Gozag.
Gozag was pleased with you.
You visited 1 branch of the dungeon, and saw 8 of its levels.
You also visited: Ossuary.

You collected 959 gold pieces.
You paid 34 gold pieces to Gozag.

Inventory:

Hand Weapons
 e - the +8 glaive of Yredelemnul's Whim (weapon) {venom, rPois Str+7}
   (You found it on level 8 of the Dungeon)

   It poisons the flesh of those it strikes.
   Str:       It affects your strength (+7).
   rPois:     It protects you from poison.
Missiles
 q - a datura-tipped dart (quivered)
Magical Staves
 l - a staff of cold
 A - a staff of conjuration
Jewellery
 p - an amulet of the acrobat (around mantle)
 y - an amulet of regeneration
 B - an amulet of magic regeneration
Wands
 c - a wand of charming (1)
 o - a wand of flame (8)
 w - a wand of digging (1)
Scrolls
 b - a scroll of blinking {unknown}
 d - a scroll of silence {unknown}
 g - 2 scrolls of enchant armour
 i - a scroll of poison
 j - 2 scrolls of amnesia
 k - a scroll of enchant weapon {unknown}
 m - 2 scrolls of vulnerability
 n - a scroll of magic mapping {unknown}
 r - 3 scrolls of summoning
 s - 4 scrolls of teleportation
 C - a scroll of butterflies {unknown}
Potions
 a - 3 potions of lignification
 f - 6 potions of curing
 h - 2 potions of haste
 t - 2 potions of might
 u - a potion of magic {unknown}
 v - 2 potions of cancellation {unknown}
 x - 2 potions of heal wounds {unknown}
 z - 4 potions of degeneration {unknown}
 D - a potion of flight {unknown}
 E - a potion of berserk rage {unknown}


   Skills:
 - Level 4.4 Fighting
 * Level 1.9 Polearms
 + Level 1.0 Throwing
 - Level 2.3 Dodging
 - Level 1.3 Stealth
 - Level 7.3 Unarmed Combat
 * Level 5.1 Spellcasting
 - Level 3.2 Evocations


You had 17 spell levels left.
You didn't know any spells.
Your spell library contained the following spells:

 Spells                   Type           Power      Damage    Failure   Level
 Conjure Flame            Conj/Fire      3%         6-21      43%         3
 Ignite Poison            Fire/Tmut/Pois 3%         N/A       43%         3
 Sticky Flame             Conj/Fire      3%         2d3       85%         4
 Blade Hands              Tmut           1%         N/A       99%         5
 Irradiate                Conj/Tmut      1%         3d12      99%         5
 Dragon Form              Tmut           1%         N/A       100%        7


Dungeon Overview and Level Annotations

Branches:
Dungeon (8/15)             Temple (0/1) D:5         Ossuary (visited)
   Lair: D:8-11

Altars:
Fedhas
Gozag
Kikubaaqudgha
Makhleb
Nemelex Xobeh
Ru
Sif Muna
Uskayaw
Zin

Shops:
D:2 ?

Annotations:
D:3 1 exclusion
D:4 exclusion: downstairs
D:5 exclusion: downstairs, Pikel
D:7 exclusion: killer bee
D:8 exclusion: yak, Grum


Innate Abilities, Weirdness & Mutations

You cannot wear most types of armour.
You are amphibious.
You can wear up to eight rings at the same time.
Your skin changes colour to match your surroundings (Stealth+).
Your rubbery body absorbs attacks. (AC +1, EV +1)
((You are camouflaged when in or above water. (Stealth+)))
You have tentacles for arms and can constrict up to eight enemies at once.
You are partially covered in iridescent scales. (AC +2)
You are frail. (-10% HP)


Message History

You now have 925 gold pieces (gained 13).
Found a scroll labelled ZUV MOERRETHAYNO.
Found a wand of flame (6) and 2 metallic cyan potions.
o - a wand of flame (8) (gained 6 charges) Unknown command.
z - 4 metallic cyan potions (gained 2)
A wolf comes into view.
Found a brass ring.
Found an escape hatch in the floor.
Grum the Hunter comes into view.
He is wielding a -1 glaive.
Found a gnarled runed staff.
Grum growls angrily.
The wolf howls! x2
You reach to attack!
You slash the wolf!
The wolf is heavily wounded.
The wolf completely misses you. The wolf bites you.
You hit the wolf.
The wolf is poisoned.
Your grab misses the wolf.
The wolf is severely wounded.
The wolf bites you. The wolf closely misses you. The wolf bites you!
You slash the wolf!
You kill the wolf!
The wolf bites you. The wolf closely misses you. Grum barely misses you.
Your Spellcasting skill increases to level 5!
You barely miss the wolf. Your grab misses the wolf.
Your squeeze misses the wolf. The wolf barely misses you. The wolf bites you.
Grum closely misses you. The wolf closely misses you.
Aiming: Charm
Press: ? - help, Shift-Dir - straight line, f - wolf
Aim: a wolf (chance to affect: 57%)
The wolf is charmed.
Grum barely misses you.
Unknown command.
What are your orders? t - Shout!
Orders for allies: a - Attack new target. p - Attack previous target. r - Retreat! s - Stop attacking. g - Guard the area. f - Follow me.
Anything else - Cancel.
Guard this area!
Your wolf bites Grum!
Grum hits you from afar with a -1 glaive!!
Ouch! That really hurt!
You die...
Your body crumbles into a pile of gold.

#....# ###..#
######..### #.......#.#
#.#.#.#.#.#
#.#.#.#.#.### ####
#.#.#..?....# ...#
#.#.#.....#.######
...###.#.###.#..@hg...#
...+.#......"#.####.###
...#.#.#..#.>... #..#
#.##.#.#.......[.....
#..............#.#.=##
#....[............|.#
#.....).......h..#.g>
#.##.###.#.#.....#.##
#.##.# #.#.###.. ..


You could see Grum (ally target) and a friendly wolf (charmed).

Vanquished Creatures
  2 water moccasins
  A black bear (D:5)
  A wolf (D:8)
  2 ogres
  A centaur (D:7)
  A lemure (D:5)
  A phantom (D:5)
  A bullfrog (D:7)
  A kobold brigand (D:7)
  A scorpion (D:6)
  A necrophage (D:5)
  A wyvern skeleton (D:6)
  2 jellies
  A killer bee (D:7)
  2 hounds
  An iguana (D:6)
  An orc wizard (D:5)
  8 mummies (Ossuary)
  2 worms
  2 dart slugs (D:4)
  5 orcs
  5 ball pythons
  4 bats
  8 endoplasms
  3 giant cockroaches
  3 gnoll zombies (Ossuary)
  9 goblins
  10 hobgoblins
  4 quokkas
  2 frilled lizards
  A hobgoblin zombie (Ossuary)
  10 kobolds
  3 kobold zombies (Ossuary)
  An orc zombie (Ossuary)
  4 rats
105 creatures vanquished.

Vanquished Creatures (collateral kills)
  A black bear (D:5)
  A lemure (D:5)
  A howler monkey (D:5)
  An orc wizard (D:5)
  An orc (D:5)
  An endoplasm (D:4)
6 creatures vanquished.

Vanquished Creatures (others)
  A killer bee (D:7)
  2 iguanas (D:5)
  2 withered plants (D:6)
5 creatures vanquished.

Grand Total: 116 creatures vanquished

Notes
Turn   | Place    | Note
-------+----------+-------------------------------------------
     0 | D:1      | H0rd4k the Octopode Artificer began the quest for the Orb.
     0 | D:1      | Reached XP level 1. HP: 13/13 MP: 1/1
   233 | D:1      | Reached XP level 2. HP: 18/18 MP: 2/2
   258 | D:1      | Found a faded altar of an unknown god.
   397 | D:1      | Reached skill level 1 in Spellcasting
   932 | D:2      | Reached XP level 3. HP: 11/24 MP: 4/4
  1362 | D:2      | Found Nekudy's Magic Scroll Boutique.
  1380 | D:2      | Reached skill level 1 in Unarmed Combat
  2838 | D:3      | Reached XP level 4. HP: 29/30 MP: 6/6
  3207 | D:3      | Found an opulent altar of Gozag.
  3254 | D:3      | Found a glowing silver altar of Zin.
  3297 | D:3      | Became a worshipper of Gozag Ym Sagoz the Greedy
  3369 | D:3      | Found a sparkling altar of Nemelex Xobeh.
  3371 | D:3      | Found a burning altar of Makhleb.
  3619 | D:3      | Found a sacrificial altar of Ru.
  3622 | D:3      | Found an ancient bone altar of Kikubaaqudgha.
  3624 | D:3      | Found a blossoming altar of Fedhas.
  3809 | D:4      | Noticed an ogre
  3850 | D:4      | Killed an ogre
  3851 | D:4      | Reached skill level 3 in Unarmed Combat
  3851 | D:4      | Reached XP level 5. HP: 36/36 MP: 6/8
  4068 | D:4      | Identified the +1 leather armour "Ufaygip" {rN+ Slay+2}
  4489 | D:5      | Entered Level 5 of the Dungeon
  4490 | D:5      | Noticed a centaur
  4734 | D:5      | Noticed a black bear
  4743 | D:5      | Killed a black bear
  4744 | D:5      | Reached skill level 4 in Unarmed Combat
  4744 | D:5      | Reached XP level 6. HP: 35/42 MP: 9/9
  5143 | D:5      | Found a hide-covered altar of Uskayaw.
  5148 | D:5      | Noticed a black bear
  5164 | D:5      | Killed a black bear
  5165 | D:5      | Reached skill level 5 in Unarmed Combat
  5165 | D:5      | Reached XP level 7. HP: 46/46 MP: 11/11
  5245 | D:5      | Identified the +6 dagger of Grace {antimagic, Fly rElec
                  | rCorr SInv}
  5309 | D:5      | Found a staircase to the Ecumenical Temple.
  5624 | D:5      | Noticed Pikel
  5641 | D:5      | Reached skill level 6 in Unarmed Combat
  5872 | D:5      | Found a shimmering blue altar of Sif Muna.
  5972 | D:6      | Reached XP level 8. HP: 54/54 MP: 13/13
  6125 | D:6      | Reached skill level 7 in Unarmed Combat
  6730 | D:7      | HP: 4/81 [poisoned by a killer bee]
  6744 | D:7      | Gained mutation: You are frail. (-10% HP) [potion of
                  | mutation]
  6744 | D:7      | Gained mutation: You are partially covered in iridescent
                  | scales. (AC +2) [potion of mutation]
  6991 | D:7      | You fall into a shaft and drop 1 floor!
  6991 | D:8      | Found a sand-covered staircase.
  6999 | D:8      | Identified the +8 glaive of Yredelemnul's Whim {venom,
                  | rPois Str+7}
  7044 | Ossuary  | Entered an ossuary
  7359 | Ossuary  | Reached skill level 1 in Polearms
  7427 | Ossuary  | Reached skill level 1 in Throwing
  7522 | D:8      | Noticed a yak
  7626 | D:8      | Noticed Grum
  7632 | D:8      | Reached skill level 5 in Spellcasting
  7635 | D:8      | Slain by Grum

Illustrated notes

Levels and vault maps discovered:
D:1:      lightli_arrival_quake, layout_basic, serial_corexii_hall,
          chequers_hall_statues_corner_a, corexii_hall_statues_u,
          hellmonk_ecumenical_altar_blasted
D:2:      minmay_chambers_of_ones, layout_basic, serial_shops, shop
D:3:      layout_basic, pdpol_temple_overflow_zin_treasury_gozag_greed,
          nicolae_overflow_hidden_temple, st_stairs_2, nrook_uturn
D:4:      layout_loops_cross
D:5:      layout_basic, jmf_multi_god_temple, minmay_temple_entry_hall,
          corexii_leaking_fountain, kennysheep_decorative_pillar, uniq_pikel
D:6:      layout_basic, serial_undead, serial_undead_b, serial_undead_d,
          serial_undead_f, serial_undead_c
D:7:      layout_basic, grunt_ministairs_1
D:8:      layout_basic, nicolae_ossuary_entry_monument, uniq_erica, uniq_grum

Skill      XL: |  1  2  3  4  5  6  7  8 |
---------------+-------------------------+-----
Spellcasting   | 1 2 3 5 |  5.1
Fighting       | 2 3 4 |  4.4
Unarmed Combat | 1 3 4 5 6 7 |  7.3
Polearms       | 1 |  1.9
Throwing       | 1 |  1.0
Dodging        | |  2.3
Stealth        | |  1.3
Evocations     | |  3.2

Action                   |  1- 3 |  4- 6 |  7- 9 || total
-------------------------+-------+-------+-------++-------
Melee: Unarmed           |   109 |    59 |   112 ||   280
       Constrict         |    29 |    17 |    23 ||    69
       Tentacles         |    26 |     9 |    35 ||    70
       Punch             |     1 |       |     6 ||     7
       Glaive            |       |       |     4 ||     4
Throw: Dart              |       |       |     3 ||     3
Evoke: Wand              |       |    21 |    13 ||    34
  Use: Potion            |       |       |     8 ||     8
       Scroll            |       |       |     6 ||     6
 Stab: Sleeping          |    12 |     2 |     3 ||    17
Armor: Skin              |    11 |     4 |    16 ||    31
Dodge: Dodged            |    47 |    37 |    65 ||   149
